 Dungeon Crawl Stone Soup version 0.31.0-32-g396128a36d (webtiles) character file.

Game seed: 9350837954087295103

4 PaiMei the Grave Robber (level 1, -2/13 HPs)
             Began as a Demonspawn Necromancer on Apr 2, 2024.
             Slain by a hobgoblin (3 damage)
             ... on level 1 of the Dungeon.
             The game lasted 00:01:02 (177 turns).

PaiMei the Grave Robber (Demonspawn Necromancer)     Turns: 177, Time: 00:01:03

Health: -2/13      AC:  2    Str:  8    XL:     1   Next: 50%
Magic:  0/3        EV: 12    Int: 15    God:
Gold:   12         SH:  0    Dex: 13    Spells: 3/4 levels left

rFire   . . .        c - +0 hand axe
rCold   . . .        (no shield)
rNeg    . . .        a - +0 robe
rPois   .            (no helmet)
rElec   .            (no cloak)
rCorr   .            (no gloves)
SInv    .            (no boots)
Will    .....        (no amulet)
Stlth   ++           (no ring)
HPRegen 0.22/turn    (no ring)
MPRegen 0.08/turn

%: no passive effects
@: very slightly contaminated
A: no striking features
a: no special abilities


You were on level 1 of the Dungeon.
You visited 1 branch of the dungeon, and saw 1 of its levels.

You collected 12 gold pieces.

Inventory:

Hand Weapons
 c - a +0 hand axe (weapon)
Armour
 a - a +0 robe (worn)
Scrolls
 d - a scroll of fear {unknown}
Potions
 b - a potion of magic
 e - a potion of resistance {unknown}


   Skills:
 + Level 1.8 Dodging
 + Level 1.9 Stealth
 + Level 2.0 Spellcasting
 + Level 4.4 Necromancy


You had 3 spell levels left.
You knew the following spells:

 Your Spells              Type           Power      Damage    Failure   Level
a - Necrotise             Necr           56%        1d6       3%          1

Your spell library contained the following spells:

 Spells                   Type           Power      Damage    Failure   Level
 Vampiric Draining        Necr           14%        2d7       11%         3
 Animate Dead             Necr           14%        N/A       34%         4
 Curse of Agony           Necr           14%        N/A       69%         5


Dungeon Overview and Level Annotations

Branches:
Dungeon (1/15)

Altars:


Message History

Confirm with . or Enter, or press ? or * to list all spells.
You don't have enough magic to cast this spell.
You hit the endoplasm but do no damage.
The endoplasm is severely wounded.
The rat bites your goblin skeleton. The endoplasm freezes you.
You are frozen.
Your goblin skeleton barely misses the rat.
The rat bites your goblin skeleton. The endoplasm closely misses you.
You barely miss the endoplasm.
The endoplasm is severely wounded.
Your goblin skeleton barely misses the rat.
The rat bites your goblin skeleton. The endoplasm freezes you.
You are frozen.
* * * LOW HITPOINT WARNING * * *
Casting: Necrotise (safe; 3% risk of failure)
Confirm with . or Enter, or press ? or * to list all spells.
Aiming: Necrotise (safe; 3% risk of failure)
Press: ? - help, Shift-Dir - straight line, f/p - endoplasm
Aim: an endoplasm (severely wounded, chance to affect: 84%)
You miscast Necrotise.
You are very lightly contaminated with residual magic.
Nothing appears to happen.
The rat barely misses your goblin skeleton.
The endoplasm hits you.
* * * LOW HITPOINT WARNING * * *
Your goblin skeleton barely misses the rat.
You hit the endoplasm.
The endoplasm is almost dead.
The rat barely misses your goblin skeleton.
The endoplasm hits you but does no damage.
Your goblin skeleton hits the rat.
Casting: Necrotise (safe; 3% risk of failure)
Confirm with . or Enter, or press ? or * to list all spells.
You don't have enough magic to cast this spell.
You hit the endoplasm but do no damage.
The endoplasm is severely wounded.
You closely miss the hobgoblin. The hobgoblin hits you.
You die...

#########
......g.# #@#
#J# .. #Z#
.#### ####r#
.... #....#
... #Z#### #..
#.###
#..##...##
##.##..#Z.#..#


You could see an endoplasm, a hobgoblin, a rat (distracted, ally target) and a
friendly goblin skeleton.

Vanquished Creatures
  A goblin (D:1)
  A ball python (D:1)
  A kobold (D:1)
3 creatures vanquished.

Vanquished Creatures (collateral kills)
  A goblin (D:1)
1 creature vanquished.

Grand Total: 4 creatures vanquished

Notes
Turn   | Place    | Note
-------+----------+-------------------------------------------
     0 | D:1      | PaiMei the Demonspawn Necromancer began the quest for the
                  | Orb.
     0 | D:1      | Reached XP level 1. HP: 13/13 MP: 3/3
   177 | D:1      | Slain by a hobgoblin

Illustrated notes

Levels and vault maps discovered:
D:1:      wander_arrival_chamber, layout_loops_ring, minmay_tetromino_l2

Action                     || total
---------------------------++-------
  Melee: Hand axe          ||     9
   Cast: Necrotise         ||     7
 Armour: Robe              ||     7
  Dodge: Dodged            ||     9
